 Dungeon Crawl Stone Soup version 0.25.0-1-g7eea58d (webtiles) character file.

Game seed: 3963025335730628923

72 brinewave the Poker (level 4, 0/40 HPs)
             Began as a Minotaur Gladiator on June 23, 2020.
             Was an Initiate of Okawaru.
             Slain by Pikel
             ... wielding a +0 whip of flaming
              (7 damage)
             ... on level 3 of the Dungeon.
             The game lasted 00:07:25 (1940 turns).

brinewave the Poker (Minotaur Gladiator)            Turns: 1940, Time: 00:07:26

Health: 0/40       AC:  3    Str: 19    XL:     4   Next: 7%
Magic:  3/3        EV: 13    Int:  5    God:    Okawaru [......]
Gold:   105        SH:  0    Dex: 12    Spells: 3/3 levels left

rFire    . . .     SeeInvis .   a - +1 trident
rCold    . . .     Gourm    .   (no shield)
rNeg     . . .     Faith    .   b - +0 leather armour
rPois    .         Spirit   .   c - +0 hat
rElec    .         Reflect  .   (no cloak)
rCorr    .         Harm     .   (no gloves)
MR       .....                  (no boots)
Stlth    +.........             o - amulet of the acrobat
HPRegen  0.13/turn              (no ring)
MPRegen  0.08/turn              (no ring)

@: no status effects
A: retaliatory headbutt, horns 2
a: Renounce Religion


You were on level 3 of the Dungeon.
You worshipped Okawaru.
Okawaru was noncommittal.
You were not hungry.

You visited 2 branches of the dungeon, and saw 6 of its levels.

You collected 105 gold pieces.

Inventory:

Hand Weapons
 a - a +1 trident (weapon)
 i - a +0 trident
 l - a +0 spear
Missiles
 d - 3 throwing nets (quivered)
 e - 20 arrows
 g - 42 poisoned darts
Armour
 b - a +0 leather armour (worn)
 c - a +0 hat (worn)
Jewellery
 h - a +6 ring of intelligence {unknown}
 k - an uncursed ring of fire {unknown}
 o - an amulet of the acrobat (around neck)
Potions
 j - 2 potions of magic {unknown}
 m - 2 potions of flight {unknown}
 n - a potion of curing {unknown}
Comestibles
 f - 6 rations


   Skills:
 + Level 4.1 Fighting
 + Level 5.0 Polearms
 - Level 2.0 Throwing
 - Level 3.2 Dodging


You had 3 spell levels left.
You didn't know any spells.
Your spell library was empty.

Dungeon Overview and Level Annotations

Branches:
Dungeon (5/15)             Temple (1/1) D:4

Altars:
Ashenzari
Fedhas
Gozag
Nemelex Xobeh
Okawaru
Ru
Trog
Xom

Annotations:
D:3 2 runed translucent doors, Hienro's ghost, amateur DsGl; Pikel
D:5 Edmund


Innate Abilities, Weirdness & Mutations

You reflexively headbutt those who attack you in melee.
You have a pair of horns on your head.


Message History

You furiously retaliate!
You headbutt the slave.
There is a stone staircase leading up here.
You puncture Pikel!
Pikel is moderately wounded.
Pikel hits you with a +0 whip of flaming!
Pikel burns you. The slave completely misses you. The slave hits you.
Pikel barely misses you. The slave hits you. x2
You climb upwards.
Level annotation: 2 runed translucent doors, Hienro's ghost, amateur DsGl
There is a stone staircase leading down here.
You hit the slave. Your headbutt misses the slave.
The slave is lightly wounded.
Pikel misses you. The slave hits you. x2
* * * LOW HITPOINT WARNING * * *
You closely miss the slave.
The slave is lightly wounded.
The slave hits you.
* * * LOW HITPOINT WARNING * * *
Pikel hits you with a +0 whip of flaming!
You die...

####### #.....## #......#
#......# ##...⌠..# ####
#..#...##
...#################.######
...'...........p@p)..#
...#.###########K#####
####'## #.# ......# #.#
......# #.# ....†.# #.#
......# #.# ......# #..
...<..# #..


You could see Pikel and 2 slaves.

Vanquished Creatures
  2 slaves
  An adder (D:3)
  2 oozes
  A dart slug (D:1)
  2 leopard geckos (D:1)
  5 orcs (D:3)
  A ball python (D:3)
  A giant cockroach (D:3)
  6 hobgoblins
  4 kobolds
  7 bats
  3 frilled lizards
  8 goblins
  3 rats
46 creatures vanquished.

Notes
Turn   | Place    | Note
-------+----------+-------------------------------------------
     0 | D:1      | brinewave the Minotaur Gladiator began the quest for the
                  | Orb.
     0 | D:1      | Reached XP level 1. HP: 18/18 MP: 0/0
   165 | D:1      | Reached skill level 4 in Polearms
   239 | D:1      | Reached XP level 2. HP: 26/26 MP: 1/1
   623 | D:2      | Reached XP level 3. HP: 23/31 MP: 2/2
   880 | D:3      | Found a runed translucent door.
   893 | D:3      | Noticed Hienro's ghost (amateur DsGl)
  1108 | D:3      | Found a runed translucent door.
  1219 | D:3      | Reached XP level 4. HP: 39/40 MP: 3/3
  1259 | D:4      | Noticed Edmund
  1333 | D:4      | Found a staircase to the Ecumenical Temple.
  1337 | D:4      | Noticed a slave
  1338 | D:4      | Noticed Pikel
  1338 | D:4      | Noticed a slave
  1339 | D:4      | Noticed a slave
  1349 | Temple   | Entered the Ecumenical Temple
  1355 | Temple   | Killed a slave
  1516 | Temple   | Became a worshipper of Warmaster Okawaru
  1546 | D:4      | Noticed a slave
  1568 | D:5      | Entered Level 5 of the Dungeon
  1603 | D:3      | HP: 1/40 [slave[Pikel] (5)]
  1605 | D:3      | Killed a slave
  1742 | D:3      | Reached skill level 5 in Polearms
  1940 | D:3      | Slain by Pikel

Illustrated notes

Levels and vault maps discovered:
D:1:      lordsloth_arrival_two_stooges, layout_loops_ring
D:2:      layout_basic
D:3:      layout_basic, first_ration, ebering_ghost_sewer_f,
          hangedman_feature_mirror, uniq_grinder
D:4:      layout_cave_pods, grunt_temple_overflow_open,
          minmay_temple_entry_arrows, serial_co_window_serial,
          co_window_cross_1, co_window_cross_1, co_window_paths_b,
          co_window_corner_a, co_window_corner_a, co_window_cross_1,
          co_window_paths_c, co_window_2corner, co_window_of_opportunity_c,
          co_window_corner_b, co_window_2corner, glass_columns_b,
          glass_columns_a, glass_columns_b, uniq_sigmund, uniq_edmund,
          uniq_pikel
D:5:      layout_basic, serial_shops, nicolae_shop_crystal,
          chequers_serial_rivers_micro_c, minmay_strange_pillars
Temple:   nicolae_temple_figure_eight

Skill      XL: |  1  2  3  4 |
---------------+-------------+-----
Polearms       | 4 5 |  5.0
Fighting       | 3 4 |  4.1
Throwing       | |  2.0
Dodging        | |  3.2

Action                   |  1- 3 |  4- 6 || total
-------------------------+-------+-------++-------
Melee: Trident           |    71 |    30 ||   101
       Headbutt          |     9 |     7 ||    16
  Use: Scroll            |     2 |       ||     2
  Eat: Chunk             |     1 |       ||     1
       Ration            |       |     1 ||     1
Armor: Leather armour    |    18 |     4 ||    22
Dodge: Dodged            |    46 |    38 ||    84
